 Dungeon Sprint DCSS version 0.29-a0-962-gc8bbfd0a37 (webtiles) character file.

Game seed: 15328275809278526770

424 mhtbhm the Basher (level 6, -1/44 HPs)
             Began as a Gargoyle Fighter on July 30, 2022.
             Was a Follower of the Shining One.
             Slain by a wyvern (8 damage)
             ... in the Dungeon (Sprint IX: "|||||||||||||||||||||||||||||").
             The game lasted 00:00:55 (271 turns).

mhtbhm the Basher (Gargoyle Fighter)                 Turns: 271, Time: 00:00:56

Health: -1/44      AC: 17    Str: 28    XL:     6   Next: 96%
Magic:  6/6        EV:  9    Int:  8    God:    the Shining One [*.....]
Gold:   0          SH:  5    Dex:  9    Spells: 5/5 levels left

rFire   . . .      SeeInvis .   a - +0 flail
rCold   . . .      Faith    .   c - +0 buckler
rNeg    + . .      Spirit   .   b - +1 chain mail
rPois   ∞          Reflect  .   m - +0 helmet
rElec   +          Harm     .   (no cloak)
rCorr   .          Rampage  .   (no gloves)
Will    .....      NoTele   +   (no boots)
Stlth   ..........              (no amulet)
HPRegen 0.14/turn               n - +3 ring of strength
MPRegen 0.10/turn               o - +3 ring of strength

@: glowing
A: sickness immunity, AC +4, negative energy resistance 1, electricity
resistance, torment resistance 1, petrification resistance
a: Renounce Religion, Divine Shield


You were in the Dungeon.
You worshipped the Shining One.
The Shining One was aware of your devotion.
You visited 1 branch

Inventory:

Hand Weapons
 a - a +0 flail (weapon)
Armour
 b - a +1 chain mail (worn)
 c - a +0 buckler (worn)
 m - a +0 helmet (worn)
Jewellery
 n - a +3 ring of strength (left hand)
 o - a +3 ring of strength (right hand)
Wands
 l - a wand of light (9)
Scrolls
 j - 2 scrolls of blinking
 k - 2 scrolls of amnesia
Potions
 d - a potion of might
 e - 2 potions of heal wounds
 f - 4 potions of curing
 g - a potion of haste
 h - 4 potions of magic
 i - a potion of berserk rage


   Skills:
 + Level 8.2 Fighting
 + Level 9.0 Maces & Flails
 + Level 7.5 Armour
 + Level 1.9 Dodging
 + Level 7.5 Shields


You had 5 spell levels left.
You didn't know any spells.
Your spell library was empty.

Dungeon Overview and Level Annotations

Branches:
Dungeon (1/1)

Altars:
Cheibriados
Dithmenos
Elyvilon
Fedhas
Gozag
Hepliaklqana
Kikubaaqudgha
Makhleb
Nemelex Xobeh
Okawaru
Qazlal
Ru
Sif Muna
Trog
Uskayaw
Vehumet
Wu Jian
Xom
Yredelemnul
Zin
The Shining One
Jiyva
Lugonu


Innate Abilities, Weirdness & Mutations

You are immune to sickness and miasma.
Your stone body is resilient. (AC +4)
You are immune to poison.
You resist negative energy. (rN+)
You are resistant to electric shocks. (rElec)
You are resistant to unholy torment.
You are immune to petrification.


Message History

You barely miss the yak.
The yak is lightly wounded.
The yak barely misses you.
Unknown command.
You hit the yak.
The yak is lightly wounded.
You block the yak's attack.
You sock the yak!
The yak is heavily wounded.
The yak gores you but does no damage.
You thump the yak!
The yak is severely wounded.
The yak gores you.
You hit the yak.
The yak is almost dead.
The yak gores you but does no damage.
You hit the yak.
You kill the yak!
The wyvern bites you but does no damage.
Your Fighting skill increases to level 8!
Your Maces & Flails skill gained 2 levels and is now at level 9!
Your Armour skill increases to level 7!
Your Shields skill increases to level 7!
Unknown command.
You hit the wyvern but do no damage. You block the wyvern's attack.
You hit the wyvern but do no damage. The wyvern bites you!
The wyvern bites you but does no damage.
You sock the wyvern!
The wyvern is heavily wounded.
The wyvern bites you.
You hit the wyvern.
The wyvern is severely wounded.
The wyvern bites you!
* * * LOW HITPOINT WARNING * * *
The wyvern bites you.
* * * LOW HITPOINT WARNING * * *
You barely miss the wyvern.
The wyvern is severely wounded.
The wyvern bites you!
You die... ▓▓▓▓▓▓▓▓▓▓▓▓▓▓▓▓▓▓▓▓▓▓▓ +...yl@)...[..).!'_____ ▓▓▓▓▓▓▓▓▓▓▓▓▓▓▓▓▓▓▓▓▓▓▓

You could see a wyvern and a killer bee.

Vanquished Creatures
  A yak (D)
  A centaur (D)
  3 iguanas (D)
  An adder (D)
  An orc (D)
  A giant cockroach (D)
  2 hobgoblins (D)
  2 rats (D)
12 creatures vanquished.

Vanquished Creatures (others)
  An acid dragon (D)
  An orc warrior (D)
2 creatures vanquished.

Grand Total: 14 creatures vanquished

Notes
Turn   | Place    | Note
-------+----------+-------------------------------------------
     0 | D        | mhtbhm the Gargoyle Fighter began the quest for the Orb.
     0 | D        | Reached XP level 1. HP: 14/14 MP: 1/1
   130 | D        | Noticed an iguana
   130 | D        | Noticed an iguana
   130 | D        | Noticed an iguana
   139 | D        | Reached XP level 2. HP: 20/20 MP: 2/2
   145 | D        | Reached skill level 3 in Maces & Flails
   145 | D        | Reached skill level 5 in Shields
   145 | D        | Reached XP level 3. HP: 12/25 MP: 3/3
   150 | D        | Reached skill level 5 in Fighting
   150 | D        | Reached skill level 4 in Maces & Flails
   150 | D        | Reached skill level 5 in Armour
   150 | D        | Reached XP level 4. HP: 28/31 MP: 4/4
   158 | D        | Reached skill level 5 in Maces & Flails
   164 | D        | Found a snail-covered altar of Cheibriados.
   164 | D        | Found a shadowy altar of Dithmenos.
   164 | D        | Found a white marble altar of Elyvilon.
   164 | D        | Found a blossoming altar of Fedhas.
   164 | D        | Found an opulent altar of Gozag.
   165 | D        | Found a hazy altar of Hepliaklqana.
   166 | D        | Found a viscous altar of Jiyva.
   167 | D        | Found an ancient bone altar of Kikubaaqudgha.
   168 | D        | Found a corrupted altar of Lugonu.
   169 | D        | Found a burning altar of Makhleb.
   170 | D        | Found a sparkling altar of Nemelex Xobeh.
   171 | D        | Found an iron altar of Okawaru.
   172 | D        | Found a stormy altar of Qazlal.
   173 | D        | Found a sacrificial altar of Ru.
   174 | D        | Found a shimmering blue altar of Sif Muna.
   175 | D        | Found a bloodstained altar of Trog.
   176 | D        | Found a hide-covered altar of Uskayaw.
   177 | D        | Found a radiant altar of Vehumet.
   178 | D        | Found an ornate altar of the Wu Jian Council.
   179 | D        | Found a shimmering altar of Xom.
   180 | D        | Found a basalt altar of Yredelemnul.
   181 | D        | Found a glowing silver altar of Zin.
   188 | D        | Found a glowing golden altar of the Shining One.
   208 | D        | Became a worshipper of the Shining One
   251 | D        | Noticed a wyvern
   251 | D        | Noticed a yak
   251 | D        | Noticed a centaur
   251 | D        | Reached * piety under the Shining One
   251 | D        | Noticed an acid dragon
   251 | D        | Noticed an orc warrior
   253 | D        | Killed an orc warrior
   254 | D        | Reached skill level 6 in Maces & Flails
   254 | D        | Reached skill level 1 in Dodging
   254 | D        | Reached XP level 5. HP: 37/37 MP: 5/5
   254 | D        | Killed an acid dragon
   258 | D        | Killed a centaur
   259 | D        | Reached skill level 7 in Maces & Flails
   259 | D        | Reached XP level 6. HP: 37/44 MP: 6/6
   266 | D        | Killed a yak
   267 | D        | Reached skill level 9 in Maces & Flails
   271 | D        | Slain by a wyvern

Illustrated notes

Levels and vault maps discovered:
D:        linesprint [early_d, line_temple, items_1, d_10, items_2, lair_1,
          lair_end, items_3, orc_1, orc_end, items_4, d_15, swamp_1, shoals_1,
          snake_1, spider_1, d_20, vaults_1, items_5, swamp_end, shoals_end,
          snake_end, spider_end, vaults_end, d_27, items_6, zot_1, zot_end,
          crypt_end, forest_end, elf_end, slime_end, tomb_end, abyss_end,
          pan_hell_end]

Skill      XL: |  1  2  3  4  5  6 |
---------------+-------------------+-----
Shields        | 4 5 6 7 |  7.5
Fighting       | 4 5 6 7 8 |  8.2
Armour         | 4 5 6 7 |  7.5
Maces & Flails | 3 4 6 7 9 |  9.0
Dodging        | 1 |  1.9

Action                   |  1- 3 |  4- 6 || total
-------------------------+-------+-------++-------
Melee: Flail             |    50 |    25 ||    75
Evoke: Wand              |       |     1 ||     1
  Use: Potion            |     2 |       ||     2
Armor: Scale mail        |    17 |     4 ||    21
       Chain mail        |       |     8 ||     8
Dodge: Dodged            |    21 |     8 ||    29
Block: Buckler           |    13 |     4 ||    17

Table legend: (Time is in decaauts)
 A = Elapsed time spent in this place.
 B = Non-inter-level travel time spent in this place.
 C = Inter-level travel time spent in this place.
 D = Time resting spent in this place.
 E = Time spent auto-exploring this place.
 F = Levels seen in this place.
 G = Mean time per level.
                   A        B        C        D        E       F      G
               +--------+--------+--------+--------+--------+-----+--------+
         Total |    288 |    288 |      0 |     88 |      3 |   1 |  288.0 |
       Dungeon |    288 |    288 |      0 |     88 |      3 |   1 |  288.0 |
               +--------+--------+--------+--------+--------+-----+--------+

Top non-repeatable levels by time:
       D: 288 daAuts
